 Dungeon Crawl Stone Soup version 0.31.0-11-ge490571c62 (webtiles) character file.

Game seed: 7408315177819346524

17251 mopl the Fencer (level 12, -3/141 HPs)
             Began as a Merfolk Fighter on Feb 7, 2024.
             Was a High Priest of Okawaru.
             Killed by divine providence
             ... invoked by a smoke demon
             ... summoned by Frances
              (14 damage)
             ... on level 12 of the Dungeon.
             The game lasted 00:14:30 (10063 turns).

mopl the Fencer (Merfolk Fighter)                  Turns: 10063, Time: 00:14:31

Health: -3/141     AC: 24    Str: 22    XL:     12   Next: 46%
Magic:  16/16      EV: 20    Int:  9    God:    Okawaru [*****.]
Gold:   679        SH: 10    Dex: 13    Spells: 11/11 levels left

rFire   . . .        a - +2 falchion (elec)
rCold   + . .        h - +0 kite shield
rNeg    . . .        N - +7 Kryia's mail coat {PotionHeal*2 rC+}
rPois   +            J - +0 helmet
rElec   .            H - +1 cloak {rPois}
rCorr   +            r - +2 pair of gloves
SInv    .            t - +0 pair of boots
Will    .....        v - amulet "Leogg" {Acrobat Str+2} Stlth
                     A - +5 ring of evasion
HPRegen 0.43/turn    s - ring of resist corrosion
MPRegen 0.15/turn

%: acrobat
@: berserking, heroic, very quick
A: (nimble swimmer 2), mertail
a: Renounce Religion, Heroism, Finesse, Duel


You were on level 12 of the Dungeon.
You worshipped Okawaru.
Okawaru was extremely pleased with you.
You visited 2 branches of the dungeon, and saw 13 of its levels.
You also visited: Bailey.

You collected 977 gold pieces.
You spent 298 gold pieces at shops.

Inventory:

Hand Weapons
 a - a +2 falchion of electrocution (weapon)
 b - a +2 dagger of venom
Missiles
 j - 9 poisoned darts (quivered)
 q - 9 boomerangs
 K - a throwing net
 U - a curare-tipped dart
 V - 6 javelins
Armour
 h - a +0 kite shield (worn)
 r - a +2 pair of gloves (worn)
 t - a +0 pair of boots (worn)
 H - a +1 cloak of poison resistance (worn)
 J - a +0 helmet (worn)
 N - the +7 Kryia's mail coat (worn) {PotionHeal*2 rC+}
   (You found it on level 8 of the Dungeon)

   PotionHeal*2: Potions heal its wearer twice as much.
   rC+:       It protects you from cold.
 Q - +0 acid dragon scales
Jewellery
 e - a ring of ice
 m - a ring of magical power
 p - a ring of protection from fire
 s - a ring of resist corrosion (right hand)
 v - the amulet "Leogg" (around neck) {Acrobat Str+2}
   (You found it on level 6 of the Dungeon)

   [amulet of the acrobat]

   Acrobat:   It increases your evasion while moving and waiting.
   Str+2:     It affects your strength (+2).
 A - a +5 ring of evasion (left hand)
 I - a ring of see invisible
 S - an amulet of guardian spirit
Wands
 n - a wand of roots (2)
 M - a wand of acid (8)
 O - a wand of flame (15)
 P - a wand of polymorph (5)
 T - a wand of digging (4)
Scrolls
 c - a scroll of fear {unknown}
 f - a scroll of amnesia {unknown}
 g - 4 scrolls of enchant weapon {unknown}
 i - a scroll of blinking {unknown}
 o - a scroll of poison {unknown}
 w - a scroll of enchant armour {unknown}
 x - 3 scrolls of immolation {unknown}
 y - 6 scrolls of teleportation {unknown}
 B - 2 scrolls of vulnerability {unknown}
 D - a scroll of revelation {unknown}
 F - 2 scrolls of fog {unknown}
 G - a scroll of brand weapon {unknown}
 L - 2 scrolls of noise {unknown}
 R - 2 scrolls of butterflies {unknown}
Potions
 d - a potion of might
 k - 7 potions of curing
 l - 2 potions of enlightenment
 u - 2 potions of magic
 z - 2 potions of mutation
 C - a potion of invisibility
 E - 3 potions of berserk rage


   Skills:
 + Level 8.6(13.6) Fighting
 * Level 16.5(21.5) Long Blades
 + Level 5.4(10.4) Throwing
 + Level 5.8(10.8) Armour
 + Level 9.1(14.1) Dodging
 - Level 3.0(8.0) Shields
 + Level 5.7 Invocations
 + Level 3.4 Evocations


You had 11 spell levels left.
You didn't know any spells.
Your spell library contained the following spells:

 Spells                   Type           Power      Damage    Failure   Level
 Ensorcelled Hibernation  Hex/Ice        0%         N/A       95%         2
 Dazzling Flash           Conj/Hex       0%         N/A       99%         3
 Mephitic Cloud           Conj/Alch/Air  0%         N/A       99%         3
 Passwall                 Erth           0%         N/A       99%         3
 Swiftness                Air            0%         N/A       99%         3
 Cause Fear               Hex            0%         N/A       100%        4
 Passage of Golubria      Tloc           0%         N/A       100%        4
 Curse of Agony           Necr           0%         N/A       100%        5
 Fireball                 Conj/Fire      0%         3d3       100%        5
 Silence                  Hex/Air        0%         N/A       100%        5
 Yara's Violent Unravell  Hex/Alch       0%         3d3       100%        5
 Tukima's Dance           Hex            Unusable   N/A       N/A         3
 Dragon's Call            Summ           Unusable   N/A       N/A         9

Dungeon Overview and Level Annotations

Branches:
Dungeon (12/15)            Temple (1/1) D:5            Lair (0/5) D:11
    Orc (0/2) D:12         Bailey (visited)

Altars:
Ashenzari
Cheibriados
Dithmenos
Elyvilon
Fedhas
Gozag
Hepliaklqana
Kikubaaqudgha
Makhleb
Nemelex Xobeh
Okawaru
Qazlal
Ru
Sif Muna
Trog
Uskayaw
Vehumet
Wu Jian
Xom
Yredelemnul
Zin
The Shining One

Shops:
D:3 =   D:5 [([   D:12 ([

Portals:
Trove: D:10 (give 7 scrolls of fog)

Annotations:
D:8 2 transporters
D:12 Frances


Innate Abilities, Weirdness & Mutations

((You are very nimble when in or above water. (Stealth+, EV+, Speed+++)))
Your lower body shifts to a powerful aquatic tail in water.


Message History

You hit Frances but do no damage.
Frances is heavily wounded.
You are engulfed in a cloud of scalding steam.
Frances hits you with a +0 scimitar!!
* * * LOW HITPOINT WARNING * * *
The smoke demon misses you. You block the smoke demon's attack.
The smoke demon hits you but does no damage.
Frances completely misses you.
It was a potion of berserk rage.
A red film seems to cover your vision as you go berserk!
You feel yourself moving faster!
You feel mighty!
You are engulfed in a cloud of scalding steam.
Frances mutters in a terrible tongue.
Frances seems to speed up.
The smoke demon completely misses you. You block the smoke demon's attack.
The smoke demon completely misses you.
You barely miss Frances.
Frances is heavily wounded.
Frances hits you with a +0 scimitar!
* * * LOW HITPOINT WARNING * * *
You closely miss Frances.
Frances is heavily wounded.
You block the smoke demon's attack. x2
The smoke demon hits you but does no damage.
You hit Frances but do no damage.
Frances is heavily wounded.
Frances chants phrases taken from a devil's mouth.
You block the shard of ice.
You slash Frances!
Frances is severely wounded.
Frances hits you with a +0 scimitar!
* * * LOW HITPOINT WARNING * * *
The smoke demon misses you. You block the smoke demon's attack.
The smoke demon closely misses you.
You hit Frances but do no damage.
Frances is severely wounded.
You slash Frances! Lightning courses through Frances!
Frances is almost dead.
Frances whispers indecipherable words.
The smoke demon gestures at you. Something smites you!
You die...

...........#...#
....)......#...#.....#
...........#...#.#...#
..∩.>.∩....#...+.....#
...[.......#...#.....#
..........##...#.....#
...............#.....
.......##......#.3#
.......#####...'@.#
##.....# #...#@3#
#.....# #...#..#
#.....# +...#....
#.....# #...######
#.....# #...# #.....#
#...# #.....# #...#
#.^...#


You could see Frances (fast), a soul eater (summoned) and a smoke demon
(summoned).

Vanquished Creatures
  An orc warlord (Bailey)
  A boulder beetle (D:11)
  A two-headed ogre (D:11)
  Lodul (D:10)
  2 orc knights (Bailey)
  A cyclops (D:11)
  A komodo dragon (D:11)
  An unseen horror (D:11)
  2 trolls
  A hornet (D:7)
  3 shadows
  10 yaks
  A wraith (D:10)
  2 wyverns (D:9)
  A steam dragon (D:8)
  An acid dragon (D:9)
  A water moccasin (D:7)
  17 orc warriors
  A sky beast (D:7)
  2 black bears
  2 ice beasts (D:6)
  7 ogres (D:10)
  10 centaurs
  2 bullfrogs
  2 kobold brigands
  A scorpion (D:5)
  3 wights (D:9)
  6 killer bees (D:10)
  8 howler monkeys
  A bombardier beetle (D:6)
  3 hounds
  2 gnoll boudas
  A jelly (D:8)
  4 orc priests
  Crazy Yiuf (D:6)
  Natasha (thrice) (D:3)
  5 iguanas
  7 orc wizards
  12 gnolls
  7 adders
  3 shadow imps
  4 ufetubi
  A dart slug (D:2)
  2 ribbon worms
  34 orcs
  4 ball pythons
  4 bats
  3 endoplasms
  2 giant cockroaches
  20 goblins
  18 hobgoblins
  3 jackals (D:2)
  2 quokkas
  A frilled lizard (D:2)
  19 kobolds
  9 rats
267 creatures vanquished.

Notes
Turn   | Place    | Note
-------+----------+-------------------------------------------
     0 | D:1      | mopl the Merfolk Fighter began the quest for the Orb.
     0 | D:1      | Reached XP level 1. HP: 18/18 MP: 1/1
   127 | D:1      | Reached XP level 2. HP: 22/24 MP: 2/2
   218 | D:1      | Reached skill level 3 in Long Blades
   218 | D:1      | Reached skill level 1 in Dodging
   526 | D:2      | Found a faded altar of an unknown god.
   618 | D:2      | Reached XP level 3. HP: 22/29 MP: 3/3
   903 | D:2      | Identified the +4 ring mail of the Little Devil {rPois rC+
                  | rN+++ Will-}
  1240 | D:3      | Reached XP level 4. HP: 34/37 MP: 4/4
  1318 | D:3      | Noticed Natasha
  1328 | D:3      | Killed Natasha
  1329 | D:3      | Reached skill level 4 in Long Blades
  1764 | D:3      | Noticed Natasha
  1775 | D:3      | Killed Natasha
  1776 | D:3      | Reached XP level 5. HP: 29/42 MP: 5/5
  1891 | D:3      | Found Focurety's Jewellery Shop.
  1951 | D:3      | Found Focurety's Jewellery Shop.
  2198 | D:3      | Noticed Natasha
  2216 | D:3      | Killed Natasha
  2814 | D:4      | Identified the +2 leather armour "Plog" {Int+3}
  2952 | D:4      | Reached skill level 5 in Long Blades
  2952 | D:4      | Reached XP level 6. HP: 7/49 MP: 6/6
  2952 | D:4      | HP: 2/49 [gnoll bouda/+0 club (4)]
  3402 | D:5      | Entered Level 5 of the Dungeon
  3607 | D:5      | Reached XP level 7. HP: 55/55 MP: 7/7
  3610 | D:5      | Reached skill level 6 in Long Blades
  3640 | D:5      | Found Zeuwuz's Antique Weapon Boutique.
  3654 | D:5      | Found Rutocwei's Antique Armour Emporium.
  3663 | D:5      | Bought a runed scarf for 136 gold pieces
  3694 | D:5      | Reached skill level 5 in Fighting
  3875 | D:5      | Found Badyikast's Armour Boutique.
  3908 | D:5      | Found a staircase to the Ecumenical Temple.
  3916 | Temple   | Entered the Ecumenical Temple
  3928 | Temple   | Became a worshipper of Warmaster Okawaru
  4186 | D:6      | Reached skill level 7 in Long Blades
  4186 | D:6      | Reached XP level 8. HP: 63/63 MP: 8/8
  4301 | D:6      | Identified the amulet "Leogg" {Acrobat Str+2}
  4406 | D:6      | Found a runed translucent door.
  4407 | D:6      | Noticed Crazy Yiuf
  4414 | D:6      | Killed Crazy Yiuf
  4415 | D:6      | Reached skill level 5 in Dodging
  4688 | D:5      | Bought a +1 cloak of poison resistance for 162 gold pieces
  4917 | D:7      | Found a flagged portal.
  4925 | Bailey   | Entered a bailey
  4978 | Bailey   | Reached * piety under Okawaru
  5006 | Bailey   | Reached skill level 8 in Long Blades
  5031 | Bailey   | Reached skill level 1 in Throwing
  5031 | Bailey   | Reached skill level 1 in Invocations
  5150 | Bailey   | Noticed an orc knight
  5157 | Bailey   | Reached XP level 9. HP: 56/69 MP: 7/10
  5175 | Bailey   | Killed an orc knight
  5176 | Bailey   | Reached skill level 9 in Long Blades
  5212 | Bailey   | Reached ** piety under Okawaru
  5442 | Bailey   | Noticed an orc knight
  5530 | Bailey   | Killed an orc knight
  5531 | Bailey   | Reached skill level 10 in Long Blades
  5531 | Bailey   | Reached XP level 10. HP: 44/79 MP: 10/12
  5558 | Bailey   | Noticed an orc warlord
  5584 | Bailey   | Killed an orc warlord
  5584 | Bailey   | Reached *** piety under Okawaru
  5585 | Bailey   | Reached skill level 5 in Armour
  5628 | Bailey   | Reached skill level 15 in Long Blades
  5628 | Bailey   | Reached XP level 11. HP: 55/84 MP: 14/14
  6234 | D:7      | Found a shimmering blue altar of Sif Muna.
  6234 | D:7      | Found a sacrificial altar of Ru.
  6235 | D:7      | Found a hide-covered altar of Uskayaw.
  6261 | D:7      | Found a bloodstained altar of Trog.
  6879 | D:8      | Found a transporter.
  6879 | D:8      | Found a transporter.
  7034 | D:8      | Found the +7 Kryia's mail coat {PotionHeal*2 rC+}
  7206 | D:9      | Reached skill level 1 in Evocations
  7602 | D:9      | Reached **** piety under Okawaru
  8021 | D:10     | Entered Level 10 of the Dungeon
  8309 | D:10     | Noticed Lodul
  8329 | D:10     | Reached skill level 5 in Invocations
  8352 | D:10     | Killed Lodul
  8353 | D:10     | Reached skill level 16 in Long Blades
  8357 | D:10     | Reached ***** piety under Okawaru
  8392 | D:10     | Reached XP level 12. HP: 58/92 MP: 15/15
  8683 | D:10     | Found a portal to a secret trove of treasure.
  8889 | D:11     | Reached skill level 5 in Throwing
  8938 | D:11     | Received a gift from Okawaru
  9355 | D:11     | Found a staircase to the Lair.
  9387 | D:11     | Noticed a two-headed ogre
  9399 | D:11     | Killed a two-headed ogre
  9532 | D:11     | Noticed a boulder beetle
  9543 | D:11     | Killed a boulder beetle
  9943 | D:12     | Found Headofirr's Weapon Emporium.
  9943 | D:12     | Found a staircase to the Orcish Mines.
  9968 | D:12     | Found Jiruwisk's Armour Emporium.
 10040 | D:12     | Noticed Frances
 10063 | D:12     | Killed from afar by a smoke demon

Illustrated notes

Levels and vault maps discovered:
D:1:      minmay_arrival_four_houses, layout_rooms
D:2:      layout_loops_cross, basic_ecumenical_altar, hangedman_decor_growths
D:3:      layout_basic, serial_shops, nicolae_shop_rolling_square, uniq_natasha
D:4:      layout_loops_ring
D:5:      layout_cave_pools, temple_green, serial_shops, nicolae_shop_stone,
          shop_fountains, shop
D:6:      layout_loops_cross, uniq_crazy_yiuf_cottage
D:7:      layout_basic, nicolae_overflow_quartered_altars, enter_bailey_2
D:8:      gammafunk_beogh_shrine, layout_loops_ring
D:9:      layout_small_grid
D:10:     layout_basic, nicolae_trove_entry_isolated, uniq_lodul
D:11:     layout_basic, david_lair_shrubbed, serial_rivers,
          chequers_serial_rivers_large_b, chequers_serial_rivers_room_a,
          chequers_serial_rivers_micro_c, chequers_serial_rivers_small_3,
          chequers_serial_rivers_small_b, chequers_serial_rivers_large_a,
          st_stairs_6
D:12:     layout_stronghold, orc_david_3, nicolae_qazlal_scattered_showers,
          uniq_frances
Temple:   nicolae_temple_bog_church

Skill      XL: |  1  2  3  4  5  6  7  8  9 10 11 12 |
---------------+-------------------------------------+-----
Long Blades    | 3 4 5 7 8 10 15 16 | 16.5
Dodging        | 1 2 3 4 6 7 8 9 |  9.1
Fighting       | 4 5 6 7 8 |  8.6
Armour         | 3 4 5 |  5.8
Throwing       | 1 3 4 5 |  5.4
Invocations    | 1 3 4 5 |  5.7
Evocations     | 2 3 |  3.4
Shields        | |  3.0

Action                     |  1- 3 |  4- 6 |  7- 9 | 10-12 || total
---------------------------+-------+-------+-------+-------++-------
  Melee: Long sword        |   119 |   165 |       |       ||   284
         Dagger            |       |     6 |       |       ||     6
         Falchion          |       |    24 |   332 |   576 ||   932
  Throw: Boomerang         |       |       |     3 |       ||     3
         Dart              |       |       |     2 |     9 ||    11
         Javelin           |       |       |       |     7 ||     7
 Invoke: Heroism           |       |       |     4 |     5 ||     9
  Evoke: Wand              |       |     3 |     1 |     3 ||     7
    Use: Scroll            |       |       |     4 |     2 ||     6
         Potion            |       |       |     1 |     3 ||     4
 Armour: Scale mail        |    69 |       |       |   185 ||   254
         Ring mail         |     9 |   175 |   108 |    35 ||   327
  Dodge: Dodged            |    42 |   109 |   162 |   325 ||   638
  Block: Buckler           |    18 |       |       |       ||    18
         Kite shield       |    46 |   125 |   125 |   204 ||   500
